 Dungeon Crawl Stone Soup version 0.29.1-2-gbd0b4ee654 (webtiles) character file.

Game seed: 7566355231169774062

2473 wangtao the Cleaver (level 9, -2/78 HPs)
             Began as a Minotaur Fighter on Nov 29, 2022.
             Engulfed by a steam dragon's steam (10 damage)
             ... on level 6 of the Dungeon.
             The game lasted 00:11:18 (6006 turns).

wangtao the Cleaver (Minotaur Fighter)              Turns: 6006, Time: 00:11:18

Health: -2/78      AC:  9    Str: 26    XL:     9   Next: 26%
Magic:  8/8        EV: 10    Int:  5    God:
Gold:   202        SH:  4    Dex:  9    Spells: 8/8 levels left

rFire   . . .      SeeInvis .   a - +4 war axe
rCold   . . .      Faith    .   c - +0 buckler
rNeg    . . .      Spirit   .   b - +0 scale mail
rPois   .          Reflect  .   (helmet restricted)
rElec   .          Harm     .   g - +0 cloak
rCorr   .          Rampage  .   (no gloves)
Will    .....                   (no boots)
Stlth   ..........              (no amulet)
HPRegen 0.23/turn               i - ring of flight
MPRegen 0.11/turn               (no ring)

@: flying
A: horns 2, retaliatory headbutt
a: no special abilities


You were on level 6 of the Dungeon.
You visited 1 branch of the dungeon, and saw 6 of its levels.

You collected 258 gold pieces.
You spent 56 gold pieces at shops.

Inventory:

Hand Weapons
 a - a +4 war axe (weapon)
 y - a +4 battleaxe
 B - a +0 whip of flaming
Missiles
 l - 5 silver javelins (quivered)
Armour
 b - a +0 scale mail (worn)
 c - a +0 buckler (worn)
 g - a +0 cloak (worn)
 r - an orb of energy
Jewellery
 i - a ring of flight (left hand)
 n - a ring of wizardry
 p - an amulet of magic regeneration
 t - a +4 ring of evasion
Wands
 d - a wand of flame (11)
 x - a wand of charming (6)
Scrolls
 e - 3 scrolls of teleportation
 m - 4 scrolls of poison
 o - a scroll of noise
 s - a scroll of magic mapping
 w - a scroll of immolation
 A - 3 scrolls of identify
Potions
 h - a potion of haste
 k - a potion of invisibility
 q - a potion of attraction
 u - 2 potions of lignification {unknown}
 v - a potion of heal wounds {unknown}
 z - a potion of magic {unknown}


   Skills:
 + Level 6.9 Fighting
 + Level 10.7 Axes
 + Level 7.8 Armour
 + Level 2.9 Dodging
 + Level 1.1 Stealth
 + Level 5.4 Shields


You had 8 spell levels left.
You didn't know any spells.
Your spell library contained the following spells:

 Spells                   Type           Power      Damage    Failure   Level
 Apportation              Tloc           0%         N/A       82%         1
 Shock                    Conj/Air       0%         1d3       82%         1
 Conjure Flame            Conj/Fire      0%         6-21      99%         3
 Ignite Poison            Fire/Tmut/Pois 0%         N/A       99%         3
 Swiftness                Air            0%         N/A       99%         3
 Airstrike                Air            0%         2d(0-16)  100%        4
 Sticky Flame             Conj/Fire      0%         2d3       100%        4
 Alistair's Intoxication  Tmut/Pois      0%         N/A       100%        5


Dungeon Overview and Level Annotations

Branches:
Dungeon (6/15)             Temple (0/1) D:5

Altars:
Okawaru
Uskayaw

Shops:
D:2 :[?*   D:3 :(


Innate Abilities, Weirdness & Mutations

You have a pair of horns on your head.
You reflexively headbutt those who attack you in melee.


Message History

You slash the bullfrog!
The bullfrog is heavily wounded.
You closely miss the steam dragon.
You are engulfed in a cloud of scalding steam.
The bullfrog hits you but does no damage.
The steam dragon bites you. The steam dragon closely misses you.
The bullfrog hits you.
You barely miss the steam dragon. You headbutt the steam dragon.
The steam dragon is lightly wounded.
You hit the bullfrog.
You are engulfed in a cloud of scalding steam.
You block the bullfrog's attack.
The steam dragon bites you but does no damage.
You block the steam dragon's attack. The bullfrog misses you.
The steam dragon attacks as you move away!
The steam dragon barely misses you. The steam dragon claws you.
The bullfrog attacks as you move away! You block the bullfrog's attack.
You are engulfed in a cloud of scalding steam.
The bullfrog is engulfed in a cloud of scalding steam. x2
The bullfrog dies!
The steam dragon attacks as you move away!
The steam dragon bites you. You block the steam dragon's attack.
The steam dragon breathes steam at you. The ball of steam hits you!
* * * LOW HITPOINT WARNING * * *
There is an open door here.
You feel better. The steam dragon breathes steam at you.
The ball of steam hits you!
* * * LOW HITPOINT WARNING * * *
You closely miss the steam dragon.
The steam dragon is lightly wounded.
You are engulfed in a cloud of scalding steam.
* * * LOW HITPOINT WARNING * * *
The steam dragon closely misses you.
The steam dragon claws you but does no damage.
You slash the steam dragon! Your headbutt misses the steam dragon.
The steam dragon is severely wounded.
You are engulfed in a cloud of scalding steam.
You die...

##.......# #######
#. ##......##### #
## ###....#...# .##
###..#.8.+##..
#).#...#..#
##.#...#†# #z'.8.†#
########D#§§.#..#
.......@.#...#...#
##########.8.+#...#
#...# #..+ #####
###


You could see a steam dragon (catching breath) and a wight.

Vanquished Creatures
  Pikel (D:6)
  Grinder (D:6)
  2 orc warriors
  An ice beast (D:6)
  3 black bears
  2 ogres
  A phantom (D:4)
  2 necrophages (D:5)
  A scorpion (D:5)
  4 wights (D:5)
  A howler monkey (D:5)
  3 hounds
  2 jellies (D:6)
  An orc priest (D:5)
  Terence (D:2)
  Jessica (D:3)
  2 iguanas
  3 orc wizards
  Robin (D:2)
  9 adders
  2 shadow imps (D:6)
  2 worms
  2 dart slugs
  20 orcs
  9 ball pythons
  2 endoplasms
  3 giant cockroaches
  12 goblins
  8 hobgoblins
  11 jackals
  7 quokkas
  10 bats
  2 frilled lizards
  7 kobolds
  6 rats
145 creatures vanquished.

Vanquished Creatures (others)
  A bullfrog (D:6)
  19 plants
20 creatures vanquished.

Grand Total: 165 creatures vanquished

Notes
Turn   | Place    | Note
-------+----------+-------------------------------------------
     0 | D:1      | wangtao the Minotaur Fighter began the quest for the Orb.
     0 | D:1      | Reached XP level 1. HP: 19/19 MP: 0/0
    22 | D:1      | Found a faded altar of an unknown god.
   205 | D:1      | Reached XP level 2. HP: 27/27 MP: 1/1
   941 | D:2      | Found Zytimul's Magic Scroll Shop.
   950 | D:2      | Bought a scroll of identify for 28 gold pieces
   950 | D:2      | Bought a scroll of identify for 28 gold pieces
   961 | D:2      | Found Xosaux's General Store.
   979 | D:2      | Reached XP level 3. HP: 10/33 MP: 2/2
   991 | D:2      | Reached skill level 3 in Axes
  1415 | D:2      | Noticed Robin
  1437 | D:2      | Killed Robin
  1438 | D:2      | Reached XP level 4. HP: 35/40 MP: 3/3
  1509 | D:2      | Noticed Terence
  1517 | D:2      | Killed Terence
  1518 | D:2      | Reached skill level 4 in Axes
  1657 | D:2      | Found Imaosma's Book Emporium.
  1743 | D:2      | Found Ziusoo's Armour Shoppe.
  2068 | D:3      | Reached XP level 5. HP: 43/47 MP: 4/4
  2212 | D:3      | Noticed Jessica
  2218 | D:3      | Killed Jessica
  2537 | D:3      | Found Yqoruoni's Book Shoppe.
  2583 | D:3      | Noticed an ogre
  2588 | D:3      | Killed an ogre
  2589 | D:3      | Reached skill level 5 in Axes
  2589 | D:3      | Reached skill level 5 in Armour
  2589 | D:3      | Reached skill level 1 in Dodging
  2589 | D:3      | Reached XP level 6. HP: 53/53 MP: 5/5
  2702 | D:3      | Found Leesoex's Weapon Shop.
  3164 | D:4      | Found a hide-covered altar of Uskayaw.
  3378 | D:4      | Found an iron altar of Okawaru.
  3633 | D:4      | Reached skill level 6 in Axes
  4049 | D:5      | Entered Level 5 of the Dungeon
  4091 | D:5      | Reached XP level 7. HP: 60/60 MP: 6/6
  4141 | D:5      | Reached skill level 5 in Fighting
  4333 | D:5      | Found a staircase to the Ecumenical Temple.
  4432 | D:5      | Reached skill level 7 in Axes
  4873 | D:5      | Reached XP level 8. HP: 70/70 MP: 7/7
  4978 | D:5      | Reached skill level 8 in Axes
  4978 | D:5      | Reached skill level 5 in Shields
  5388 | D:6      | Noticed Pikel
  5397 | D:6      | Noticed Grinder
  5399 | D:6      | Killed Pikel
  5400 | D:6      | Reached skill level 9 in Axes
  5400 | D:6      | Reached skill level 1 in Stealth
  5404 | D:6      | Killed Grinder
  5405 | D:6      | Reached skill level 10 in Axes
  5405 | D:6      | Reached XP level 9. HP: 52/78 MP: 8/8
  6006 | D:6      | Engulfed by a steam dragon's steam

Illustrated notes

Levels and vault maps discovered:
D:1:      lightli_arrival_flooded_house, layout_basic,
          ebering_ecumenical_altar_webs, minmay_heptomino_d4
D:2:      layout_loops_corners, serial_shops, shop, nicolae_shop_statue_plus,
          nicolae_shop_statue_plus, shop, minmay_tall_x, uniq_robin,
          uniq_terence
D:3:      layout_basic, serial_shops, shop_statue,
          nicolae_shop_bloodbath_and_beyond, serial_bayou_lake_a, uniq_jessica
D:4:      cheibrodos_helix_gallery, layout_gridville,
          mainiacjoe_overflow_catch_the_wave
D:5:      layout_basic, minmay_temple_entry_grid, guppyfry_early_orc_mine
D:6:      minmay_chambers_of_threes, layout_cave_pods, uniq_grinder, uniq_pikel

Skill      XL: |  1  2  3  4  5  6  7  8 |
---------------+-------------------------+-----
Armour         | 4 5 6 7 |  7.8
Shields        | 4 5 |  5.4
Fighting       | 4 6 |  6.9
Axes           | 3 4 5 6 7 10 | 10.7
Dodging        | 1 2 |  2.9
Stealth        | 1 |  1.1

Action                   |  1- 3 |  4- 6 |  7- 9 || total
-------------------------+-------+-------+-------++-------
Melee: War axe           |    74 |   133 |   114 ||   321
       Headbutt          |     7 |    13 |    19 ||    39
  Use: Scroll            |     9 |     8 |       ||    17
       Potion            |       |       |     6 ||     6
Armor: Scale mail        |    57 |    70 |    49 ||   176
Dodge: Dodged            |    42 |    85 |    63 ||   190
Block: Buckler           |    22 |    38 |    23 ||    83
